 Dungeon Crawl Stone Soup version 0.25.0-37-gb73750e0fb (webtiles) character file.

Game seed: 14838964565064001187

280 Surreaal the Digger (level 6, -3/32 HPs)
             Began as a Gargoyle Earth Elementalist on July 8, 2020.
             Slain by an orc
             ... wielding a +0 dagger
              (5 damage)
             ... on level 4 of the Dungeon.
             The game lasted 00:11:25 (3654 turns).

Surreaal the Digger (Gargoyle Earth Elementalist)   Turns: 3654, Time: 00:11:28

Health: -3/32      AC:  8    Str: 10 (12) XL:     6   Next: 27%
Magic:  9/12       EV: 12    Int: 17      God:
Gold:   196        SH:  5    Dex: 10      Spells: 10/13 levels left

rFire    . . .     SeeInvis .   k - +0 mace
rCold    . . .     Gourm    .   (no shield)
rNeg     + . .     Faith    .   c - +0 robe
rPois    ∞         Spirit   .   p - +2 hat
rElec    +         Reflect  +   (no cloak)
rCorr    .         Harm     .   (no gloves)
MR       .....                  (no boots)
Stlth    ++........             e - amulet of reflection
HPRegen  0.10/turn              (no ring)
MPRegen  0.13/turn              (no ring)

@: no status effects
A: negative energy resistance 1, electricity resistance, unbreathing,
petrification resistance, rot immunity, AC +4
a: no special abilities


You were on level 4 of the Dungeon.
You were not hungry.

You visited 1 branch of the dungeon, and saw 4 of its levels.

You collected 196 gold pieces.

Inventory:

Hand Weapons
 a - a +0 dagger
 k - a +0 mace (weapon)
Missiles
 b - 79 stones (quivered)
Armour
 c - a +0 robe (worn)
 p - a +2 hat (worn)
Jewellery
 e - an amulet of reflection (around neck)
Wands
 r - a wand of iceblast (10)
Scrolls
 f - 2 scrolls of identify
 g - a scroll of blinking {unknown}
 j - 2 scrolls of remove curse {unknown}
 l - a scroll of magic mapping {unknown}
 o - a scroll of fear {unknown}
 q - a scroll of fog {unknown}
Potions
 h - a potion of degeneration
 i - 3 potions of curing {unknown}
 m - a potion of lignification {unknown}
 n - 2 potions of stabbing {unknown}
 s - a potion of heal wounds {unknown}
Comestibles
 d - 9 rations


   Skills:
 - Level 1.5 Dodging
 - Level 2.1 Stealth
 + Level 4.3 Spellcasting
 - Level 0.7 Transmutations
 + Level 6.3 Earth Magic


You had 10 spell levels left.
You knew the following spells:

 Your Spells              Type           Power        Failure   Level  Hunger
a - Sandblast             Erth           ####..       1%          1    None
b - Passwall              Tmut/Erth      ###.....     5%          2    ##.....

Your spell library contained the following spells:

 Spells                   Type           Power        Failure   Level  Hunger
 Stone Arrow              Conj/Erth      ##....       12%         3    ###....
 Lee's Rapid Deconstruct  Erth           ####......   30%         5    ######.
 Petrify                  Tmut/Erth      ###.....     34%         4    ####...
 Confusing Touch          Hex            #.......     41%         3    ###....
 Gell's Gravitas          Tloc           #.........   41%         3    ###....
 Yara's Violent Unravell  Hex/Tmut       #.........   98%         5    ######.
 Metabolic Englaciation   Hex/Ice        #.........   99%         5    ######.


Dungeon Overview and Level Annotations

Branches:
Dungeon (4/15)
 Temple: D:4-7

Altars:
Trog
Xom
The Shining One


Innate Abilities, Weirdness & Mutations

You are resistant to torment.
Your stone body is resilient. (AC +4)
You are immune to poison.
You resist negative energy. (rN+)
You are resistant to electric shocks. (rElec)
You can survive without breathing.
You are immune to petrification.
You are immune to rotting.


Message History

The worker ant closely misses you.
The worker ant bites you but does no damage.
You block the worker ant's attack.
The orc priest looks braver for a moment.
The worker ant waves its antennae.
The orc priest looks satisfied for a moment.
The worker ant bites you.
* * * LOW HITPOINT WARNING * * *
Casting: Sandblast (safe; 1% risk of failure)
Confirm with . or Enter, or press ? or * to list all spells.
Aiming: Passwall (safe; 5% risk of failure)
Press: ? - help, Dir - move target cursor A rock wall.
You block the worker ant's attack. The orc misses you.
You begin to meditate on the wall.
You continue meditating on the rock.
You block the worker ant's attack.
You continue meditating on the rock.
The worker ant bites you but does no damage.
The orc hits you with a +0 dagger.
You die...

#.......# #....
#.......# #....
#.......# #....
#.......####+#....
#.................
#.................
+.o...............
#@a..o............
###.o...............
...............#'#...
................+_'...
+................#+#...
#............#####.....
.............#....#....
.##+##.......#....#....
#.......'....#....


You could see a worker ant, an orc priest and 2 orcs.

Vanquished Creatures
  A scorpion (D:4)
  4 orc wizards
  4 adders (D:3)
  2 gnolls (D:3)
  An ooze (D:3)
  4 worms
  2 leopard geckos
  7 orcs
  A ball python (D:3)
  2 giant cockroaches (D:3)
  4 goblins
  3 hobgoblins
  3 kobolds
  2 quokkas
  3 bats (D:3)
  7 frilled lizards
  A leopard gecko zombie (D:3)
  3 rats
54 creatures vanquished.

Notes
Turn   | Place    | Note
-------+----------+-------------------------------------------
     0 | D:1      | Surreaal the Gargoyle Earth Elementalist began the quest
                  | for the Orb.
     0 | D:1      | Reached XP level 1. HP: 10/10 MP: 3/3
   767 | D:2      | Reached XP level 2. HP: 12/15 MP: 5/5
   979 | D:2      | Reached skill level 4 in Earth Magic
  1116 | D:2      | Found a glowing golden altar of the Shining One.
  1247 | D:2      | Learned a level 2 spell: Passwall
  1994 | D:2      | Reached XP level 3. HP: 17/19 MP: 2/6
  2317 | D:3      | Reached XP level 4. HP: 24/24 MP: 4/8
  2382 | D:3      | Reached skill level 5 in Earth Magic
  2527 | D:3      | Reached XP level 5. HP: 8/28 MP: 7/10
  3117 | D:3      | Found a bloodstained altar of Trog.
  3513 | D:4      | Reached skill level 6 in Earth Magic
  3513 | D:4      | Reached XP level 6. HP: 27/32 MP: 6/12
  3614 | D:4      | Found a shimmering altar of Xom.
  3648 | D:4      | HP: 1/32 [worker ant (2)]
  3654 | D:4      | Slain by an orc

Illustrated notes

Levels and vault maps discovered:
D:1:      roderic_crossed_star, layout_basic, grunt_decor_cap
D:2:      layout_loops_corners, overflow_temple_1_default, first_ration,
          serial_rivers, chequers_serial_rivers_large_b,
          chequers_serial_rivers_micro_c, chequers_serial_rivers_micro_b,
          chequers_serial_rivers_room_a, minmay_lizard_king
D:3:      minmay_skewed_foursquare, layout_loops_ring, trog_three_pillars_becter
D:4:      layout_gridville, kennysheep_mini

Skill      XL: |  1  2  3  4  5 |
---------------+----------------+-----
Earth Magic    | 4 5 6 |  6.3
Spellcasting   | 3 4 |  4.3
Dodging        | |  1.5
Stealth        | |  2.1
Transmutations | |  0.7

Action                   |  1- 3 |  4- 6 || total
-------------------------+-------+-------++-------
Melee: Mace              |    20 |    35 ||    55
       Dagger            |     2 |       ||     2
 Cast: Sandblast         |    29 |    45 ||    74
       Passwall          |       |     1 ||     1
  Use: Scroll            |     2 |       ||     2
       Potion            |       |     1 ||     1
  Eat: Chunk             |     4 |     1 ||     5
       Ration            |       |     1 ||     1
Armor: Robe              |     4 |    25 ||    29
Dodge: Dodged            |    15 |    37 ||    52
Block: Other             |     4 |    15 ||    19
       Reflection        |       |     1 ||     1
